 Dungeon Crawl Stone Soup version 0.17-a0-1562-g9b2c768 (webtiles) character file.

117208 MackTheKnife the Executioner (level 16, 0/157 HPs)
             Began as a Hill Orc Berserker on July 20, 2015.
             Was a High Priest of Trog.
             Killed from afar by a deep elf annihilator (36 damage)
             ... with a crystal spear
             ... on level 3 of the Elven Halls on July 21, 2015.
             The game lasted 01:09:21 (29609 turns).

MackTheKnife the Executioner (Hill Orc Berserker)  Turns: 29609, Time: 01:09:21

Health: 0/157      AC: 30    Str: 22    XL:     16   Next: 73%
Magic:  22/22      EV: 11    Int: 17    God:    Trog [*****.]
Gold:   2010       SH:  0    Dex: 15    Spells: 0 memorised, 15 levels left

rFire  . . .     SeeInvis .     a - +9 battleaxe of Rumapsyorgh {chop, Int+10}
rCold  . . .     Clarity  .     A - +4 plate armour {rPois}
rNeg   . . .     SustAt   +     (no shield)
rPois  +         Gourm    .     R - +0 helmet of Fortification {Stlth+} (curse)
rElec  .         Spirit   .     J - +0 cloak
rCorr  .         Warding  .     d - +1 pair of gloves
rMut   .         Stasis   .     N - +2 pair of boots of the Ladybird {rPois}
MR     +++..                    (no amulet)
Stlth  ..........               O - +2 ring of protection
                                o - ring of sustain attributes

@: lethally poisoned (0 -> -1), exhausted, regenerating, slowed, drained, very
slow, extremely resistant to hostile enchantments, extremely unstealthy
A: no striking features
a: Burn Spellbooks, Berserk, Trog's Hand, Brothers in Arms, Renounce Religion


You were on level 3 of the Elven Halls.
You worshipped Trog.
Trog was extremely pleased with you.
You were very hungry.

You visited 4 branches of the dungeon, and saw 27 of its levels.
You visited the Abyss 1 time.
You also visited: Labyrinth, Bailey and Wizlab.

You collected 2711 gold pieces.
You spent 701 gold pieces at shops.

Inventory:

Hand weapons
 a - the +9 battleaxe of Rumapsyorgh (weapon) {chop, Int+10}
   (Trog gifted it to you on level 1 of the Orcish Mines)

   It inflicts extra damage upon your enemies.
   It affects your intelligence (+10).
 m - a +3 demon blade of freezing
   (You took it off Asterion on level 3 of the Elven Halls)
Armour
 d - a +1 pair of gloves (worn)
   (You found it on level 2 of the Elven Halls)
 A - a +4 plate armour of poison resistance (worn)
   (You took it off an orc warlord on level 2 of the Orcish Mines)
 J - a +0 cloak (worn)
   (You found it on level 1 of the Lair of Beasts)
 N - the +2 pair of boots of the Ladybird (worn) {rPois}
   (You found it on level 5 of the Lair of Beasts)

   It protects you from poison.
 R - the cursed +0 helmet of Fortification (worn) {Stlth+}
   (You bought it in a shop on level 1 of the Elven Halls)

   It makes you more stealthy.
   It has a curse placed upon it.
Rods
 b - a +1 rod of destruction (15/15) {!a}
   (You found it on level 2 of the Lair of Beasts)
 c - a +4 iron rod (12/12)
   (You found it on level 8 of the Lair of Beasts)
Jewellery
 e - an uncursed ring of ice {rC+, rF-}
   (You found it on level 3 of the Lair of Beasts)
 g - an uncursed ring of ice {rC+, rF-}
   (You found it on level 1 of the Dungeon)
 j - an uncursed ring of fire {rF+, rC-}
   (You found it on level 5 of the Lair of Beasts)
 o - a ring of sustain attributes (left hand)
   (You found it on level 11 of the Dungeon)
 O - a +2 ring of protection (right hand)
   (You found it in a labyrinth)
Magical devices
 i - a wand of fire (1)
   (You found it on level 1 of the Elven Halls)
 s - a wand of disintegration (15)
   (You found it on level 3 of the Elven Halls)
 v - a wand of enslavement (12)
   (You found it on level 5 of the Lair of Beasts)
 x - a wand of digging (9)
   (You found it on level 6 of the Dungeon)
 P - a wand of cold (7)
   (You found it in a labyrinth)
Scrolls
 h - 7 scrolls of teleportation
 n - 7 scrolls of remove curse
 t - 7 scrolls of enchant armour
 F - 5 scrolls of recharging
 H - 2 scrolls of fear
 I - a scroll of fog
 S - a scroll of identify
Potions
 f - 5 potions of flight
 k - a potion of haste
 l - 15 potions of curing
 p - 7 potions of ambrosia {!q}
 r - 3 potions of heal wounds
 E - 4 potions of brilliance
 G - a potion of resistance
 K - 5 potions of magic
Miscellaneous
 y - a phantom mirror
 B - an ornate deck of war
   (You found it on level 2 of the Elven Halls)
Comestibles
 q - 4 beef jerkies
 u - 4 slices of pizza
 w - 2 bread rations {@e1}
 z - 7 meat rations {@e2}
 C - 20 fruits


   Skills:
 - Level 18.0(17.7) Fighting
 - Level 22.7(22.3) Axes
 + Level 11.9(11.6) Armour
 + Level 8.0(7.7) Dodging
 - Level 8.1(7.9) Evocations


You had 15 spell levels left.
You didn't know any spells.

Dungeon Overview and Level Annotations

Branches:
Dungeon (12/15)            Temple (0/1) D:4            Lair (8/8) D:10
 Shoals (0/4) Lair:5        Snake (0/4) Lair:6          Orc (4/4) D:12
    Elf (3/3) Orc:3
  Slime: Lair:6-8

Altars:
Ashenzari
Cheibriados
Fedhas
Kikubaaqudgha
Makhleb
Nemelex Xobeh
Sif Muna
Trog
The Shining One
Beogh

Shops:
D:11 [(   Orc:1 *   Orc:4 ([((   Elf:1 (*

Portals:
Trove: D:11 (give +5 demon blade)

Annotations:
Lair:3 exclusion: oklob plant
Lair:6 exclusion: oklob plant
Elf:2 5 runed doors
Elf:3 exclusion: Roxanne, Roxanne


Message History

The ghostly deep elf high priest hits you but does no damage.
You slash the ghostly deep elf high priest!
You slice the ghostly deep elf high priest!!
You destroy the ghostly deep elf high priest!
You slash the deep elf death mage! You hit the deep elf death mage.
You are feeling hungry.
You closely miss the deep elf death mage.
You slice the deep elf death mage!!
The deep elf sorcerer mumbles some strange words.
The deep elf sorcerer seems to speed up.
The deep elf death mage is infused with unholy energy.
The deep elf death mage draws life force from you and is healed!
You take 24 damage, and have 157/235 hp.
You slash the deep elf death mage!
You barely miss the deep elf death mage.
The deep elf sorcerer casts a spell at you.
You resist with almost no effort.
You closely miss the deep elf death mage.
The deep elf death mage points at you and mumbles some strange words.
The bolt of negative energy misses you.
The bolt of negative energy misses the sun demon.
You slice the deep elf death mage!!
You kill the deep elf death mage!
Trog accepts your kill. Something appears at your feet! Trog grants you a gift!
Trog appreciates your killing of a magic user.
You slice the deep elf sorcerer!! You barely miss the deep elf sorcerer.
Unknown command.
You slice the deep elf sorcerer!!
The deep elf sorcerer hits you with a long sword.
The deep elf high priest utters a dark prayer and points at you.
Your life force is offered up.
The deep elf sorcerer is healed.
You take 12 damage, and have 148/235 hp.
You closely miss the deep elf sorcerer. You slice the sun demon!!
The smoke demon gestures at you. Something smites you!
You take 12 damage, and have 136/235 hp.
You are too injured to fight recklessly!
You are too injured to fight recklessly!
You closely miss the deep elf sorcerer. You slash the sun demon!
The deep elf sorcerer closely misses you.
The sun demon misses you.
The deep elf high priest calls down the wrath of its god upon you.
Something smites you!
You take 11 damage, and have 125/235 hp.
You slice the deep elf sorcerer!!
You kill the deep elf sorcerer!
Trog accepts your kill.
Trog appreciates your killing of a magic user.
You hit the sun demon.
You are no longer berserk.
You are exhausted.
You feel yourself slow down.
You are feeling very hungry.
The deep elf high priest hits you but does no damage.
You now have 84/157 hp.
You slice the deep elf high priest!! You slash the sun demon!
You kill the sun demon!
The deep elf high priest calls down the wrath of its god upon you.
The hellfire explodes!
The burst of hellfire engulfs you!
The burst of hellfire engulfs the deep elf high priest.
The deep elf high priest dies!
Your base Dodging skill increases to level 8!
You hear a shout! x2
You take 28 damage, and have 56/157 hp.
The smoke demon disappears in a puff of smoke!
You see here a long sword.
You regained 2 hp, and now have 58/157 hp.
Unknown command.
The rock shatters into small pieces.
This wand has 9 charges left.
You regained 2 hp, and now have 60/157 hp.
You regained 2 hp, and now have 62/157 hp.
You regained 2 hp, and now have 64/157 hp.
Okay, then.
You start resting.
A deep elf annihilator comes into view. It is wielding a long sword.
You regained 4 hp, and now have 68/157 hp.
Unknown command.
Okay, then.
Your ogre goes berserk!
You feel somewhat more hungry.
You regained 2 hp, and now have 70/157 hp.
You slice the deep elf annihilator!!
The deep elf annihilator gestures at you while chanting.
The iron shot hits you!
Your ogre hits the deep elf annihilator with a giant club!!
You take 21 damage, and have 49/157 hp.
Your plate armour prevents you from hitting the deep elf annihilator.
The deep elf annihilator gestures at you while chanting.
The poison arrow hits you!
You are poisoned.
You partially resist.
* * * LOW HITPOINT WARNING * * *
Your ogre closely misses the deep elf annihilator.
The deep elf annihilator gestures at you while chanting.
The crystal spear hits you!
You die...

#(# #(# #.# ## #(#
#.# #.# #.# ).# #.#
#.## #.# ##.#
#########.# #.##
#....))#@# ...##
#.####.e## ....#
#.# #O##
...######.####.####
.......)..#..)....#
#.######.eee#####.#
### #))### # #..#
#..#


You could see a deep elf annihilator and a friendly ogre (berserk).

Vanquished Creatures
  Asterion (Elf:3)
  Gastronok (Lair:3)
  Maud (D:12)
  3 deep elf sorcerers
  Louise (Elf:3)
  4 orc warlords
  7 purple draconians (WizLab)
  3 deep elf annihilators
  A deep elf death mage (Elf:3)
  A minotaur (Lab)
  2 deep elf high priests (Elf:3)
  4 hydras
  3 statues (WizLab)
  Erica (Lair:1)
  4 dancing weapons (Elf:2)
  A centaur warrior (D:11)
  2 orc high priests (Elf:1)
  3 death yaks (Lair:8)
  Sonja (Lair:2)
  16 deep elf knights
  4 skeletal warriors (D:11)
  5 deep elf summoners
  6 orc knights
  3 hill giants
  A lindwurm (Lair:7)
  10 deep elf conjurers
  An ugly thing (D:9)
  3 griffons
  An oklob plant (Orc:2)
  An elephant (Lair:7)
  The ghost of UristMcMason the Chiller, an experienced DEIE of Vehumet (D:6)
  A centaur zombie (D:11)
  2 gargoyles
  The ghost of ontamu the Firebug, an experienced DEFE (D:5)
  Psyche (D:12)
  17 spiny frogs
  4 fire drakes
  7 komodo dragons
  8 deep elf priests
  A troll (D:10)
  Grinder (D:4)
  A trapdoor spider zombie (D:11)
  6 giant leeches (Lair:8)
  17 blink frogs
  2 two-headed ogres
  A snapping turtle (Lair:5)
  Sigmund (D:2)
  2 wyverns
  21 yaks
  11 deep elf fighters
  A steam dragon (D:9)
  Grum (D:9)
  26 deep elf magi
  3 basilisks
  2 hungry ghosts
  7 vampire mosquitoes
  8 hippogriffs
  2 wolves (D:9)
  The ghost of voroshil the Firebug, an average HuFE (D:3)
  3 nagas (Lair:6)
  Edmund (D:4)
  3 wargs (Orc:4)
  8 porcupines
  37 water moccasins
  64 orc warriors
  2 ice beasts
  10 ogres
  A black bear (D:7)
  An eye of draining (D:9)
  A boggart (Elf:1)
  2 sky beasts
  An eye of draining (shapeshifter) (Elf:3)
  2 big kobolds
  2 phantoms
  13 centaurs
  2 gnoll sergeants
  15 crocodiles
  Blork the orc (D:5)
  35 giant frogs
  13 killer bees
  2 scorpions
  4 wights
  3 crimson imps
  8 hounds
  5 jellies
  3 electric eels
  3 giant frog zombies
  5 iguanas
  35 orc priests
  A quasit (D:8)
  9 worker ants
  Terence (D:2)
  Natasha (twice) (D:2)
  2 centaur skeletons
  A giant frog skeleton (D:9)
  46 orc wizards
  10 gnolls
  33 adders
  41 river rats
  4 shadow imps
  3 oozes
  2 adder skeletons
  6 giant geckos
  220 orcs
  2 giant cockroaches
  18 goblins
  17 hobgoblins
  14 jackals
  10 quokkas
  9 bats
  3 giant newts
  24 kobolds
  A quokka zombie (D:6)
  10 rats
  2 crawling corpses (Elf:2)
  16 fungi
  5 plants
1049 creatures vanquished.

Vanquished Creatures (collateral kills)
  A deep elf sorcerer (Elf:1)
  Aizul (Elf:1)
  A deep elf annihilator (Elf:3)
  A purple draconian (WizLab)
  A deep elf high priest (Elf:3)
  A statue (WizLab)
  A hydra (Lair:7)
  A skeletal warrior (D:11)
  A wizard (Elf:1)
  A centaur zombie (D:11)
  The ghost of Nattefrost the Carver, an experienced DrBe of Trog (D:11)
  A blink frog (Lair:8)
  6 deep elf magi
  An orc warrior (Orc:4)
  A boggart (Elf:1)
  2 electric eels (Lair:8)
  An orc wizard (Orc:4)
  7 orcs
30 creatures vanquished.

Vanquished Creatures (others)
  A deep elf high priest (Elf:3)
  A deep elf mage (WizLab)
  2 orcs
  A kobold (D:12)
  A bush (Lair:8)
  45 fungi
  25 plants
76 creatures vanquished.

Grand Total: 1155 creatures vanquished

Notes
Turn   | Place    | Note
--------------------------------------------------------------
     0 | D:1      | MackTheKnife the Hill Orc Berserker began the quest for the Orb.
     0 | D:1      | Reached XP level 1. HP: 19/19 MP: 1/1
   277 | D:1      | Reached XP level 2. HP: 26/26 MP: 2/2
   747 | D:1      | Reached skill level 5 in Axes
   903 | D:2      | Reached XP level 3. HP: 31/31 MP: 3/3
   909 | D:2      | Noticed Sigmund
   920 | D:2      | Killed Sigmund
   920 | D:2      | Reached skill level 8 in Axes
   920 | D:2      | Reached XP level 4. HP: 39/39 MP: 4/4
   920 | D:2      | Reached XP level 5. HP: 45/45 MP: 5/5
  1186 | D:2      | Acquired Trog's second power
  1456 | D:2      | Reached XP level 6. HP: 43/51 MP: 6/6
  1605 | D:2      | Noticed Terence
  1618 | D:2      | Killed Terence
  1624 | D:2      | Noticed Natasha
  1631 | D:2      | Killed Natasha
  1631 | D:2      | Reached skill level 9 in Axes
  1781 | D:2      | Noticed Natasha
  1793 | D:2      | Killed Natasha
  1885 | D:3      | Noticed a hungry ghost
  1931 | D:3      | Killed a hungry ghost
  2099 | D:3      | Reached skill level 10 in Axes
  2099 | D:3      | Reached XP level 7. HP: 54/57 MP: 7/7
  2457 | D:3      | Noticed voroshil's ghost (average HuFE)
  2470 | D:3      | Killed voroshil's ghost
  2591 | D:4      | Found a sparkling altar of Nemelex Xobeh.
  2596 | D:4      | Got a heavily runed shield
  2677 | D:4      | Identified the cursed +0 shield of the Armoured One {rC+} (You found it on level 4 of the Dungeon)
  2808 | D:4      | Noticed Edmund
  2826 | D:4      | Killed Edmund
  2826 | D:4      | Reached skill level 11 in Axes
  2940 | D:4      | Found a staircase to the Ecumenical Temple.
  3279 | D:4      | Noticed Grinder
  3319 | D:4      | Killed Grinder
  3319 | D:4      | Reached skill level 12 in Axes
  3319 | D:4      | Reached XP level 8. HP: 46/64 MP: 8/8
  3475 | D:5      | Entered Level 5 of the Dungeon
  3509 | D:5      | Reached skill level 4 in Fighting
  3582 | D:5      | Reached skill level 5 in Fighting
  3592 | D:5      | Received a gift from Trog
  3628 | D:5      | Reached skill level 6 in Fighting
  3643 | D:5      | Noticed Blork the orc
  3856 | D:5      | Killed Blork the orc
  3915 | D:5      | Reached skill level 7 in Fighting
  4133 | D:5      | Found a shattered altar of Ashenzari.
  4236 | D:5      | Reached skill level 8 in Fighting
  4259 | D:5      | Noticed ontamu's ghost (experienced DEFE)
  4282 | D:5      | Killed ontamu's ghost
  4282 | D:5      | Reached skill level 9 in Fighting
  4282 | D:5      | Reached XP level 9. HP: 41/83 MP: 9/9
  5060 | D:5      | Acquired Trog's third power
  5060 | D:5      | Reached skill level 10 in Fighting
  5228 | D:6      | Noticed UristMcMason's ghost (experienced DEIE)
  5250 | D:6      | Killed UristMcMason's ghost
  5250 | D:6      | Reached skill level 13 in Axes
  5931 | D:7      | Found a bloodstained altar of Trog.
  5952 | D:7      | Reached skill level 14 in Axes
  5965 | D:7      | Reached XP level 10. HP: 68/93 MP: 10/10
  6175 | D:7      | HP: 22/93 [killer bee (4)]
  6180 | D:7      | HP: 16/93 [poisoned by a killer bee]
  6187 | D:7      | HP: 15/93 [poisoned by a killer bee]
  6194 | D:7      | HP: 15/93 [poisoned by a killer bee]
  6202 | D:7      | HP: 15/93 [poisoned by a killer bee]
  6394 | D:7      | Reached skill level 15 in Axes
  6514 | D:7      | Reached skill level 2 in Dodging
  6702 | D:7      | Reached skill level 3 in Dodging
  6939 | D:8      | Reached skill level 4 in Dodging
  7027 | D:8      | Received a gift from Trog
  7232 | D:8      | Reached skill level 5 in Dodging
  7366 | D:8      | Found a glowing golden altar of the Shining One.
  7686 | D:8      | Found a blossoming altar of Fedhas.
  7688 | D:8      | Found an ancient bone altar of Kikubaaqudgha.
  7972 | D:9      | Found a flagged portal.
  7997 | Bailey   | Entered a bailey
  7998 | Bailey   | Noticed an orc knight
  8297 | Bailey   | Reached skill level 6 in Dodging
  8326 | Bailey   | HP: 5/93 [orc warrior/bolt (24)]
  8427 | D:9      | Noticed Grum
  8574 | D:9      | Killed Grum
  8582 | D:9      | Reached XP level 11. HP: 69/99 MP: 11/11
  8594 | D:9      | Found a burning altar of Makhleb.
  8865 | D:9      | Reached skill level 7 in Dodging
  9200 | D:9      | Reached skill level 3 in Armour
  9207 | D:9      | Noticed a cyan ugly thing
  9220 | D:9      | Killed a cyan ugly thing
  9220 | D:9      | Reached skill level 4 in Armour
  9679 | D:10     | Entered Level 10 of the Dungeon
  9748 | D:10     | Found a staircase to the Lair.
  9807 | D:10     | Reached skill level 5 in Armour
 10183 | D:10     | Noticed a hill giant
 10194 | D:10     | Killed a hill giant
 10194 | D:10     | Reached skill level 6 in Armour
 10494 | D:10     | Reached skill level 7 in Armour
 10496 | D:10     | Received a gift from Trog
 10620 | D:10     | Reached skill level 8 in Armour
 10914 | D:10     | HP: 33/148 [water moccasin (9)]
 10917 | D:10     | Reached skill level 9 in Armour
 10920 | D:10     | HP: 33/148 [poisoned by a water moccasin]
 10925 | D:10     | HP: 24/99 [poisoned by a water moccasin]
 11448 | Lair:1   | Entered Level 1 of the Lair of Beasts
 11449 | Lair:1   | Upgraded the game from 0.17-a0-1558-g9d24de5 to 0.17-a0-1562-g9b2c768
 11581 | Lair:1   | Reached skill level 1 in Evocations
 11690 | Lair:1   | Reached skill level 2 in Evocations
 11698 | Lair:1   | Reached skill level 3 in Evocations
 11882 | Lair:1   | Noticed Erica
 11889 | Lair:1   | Killed Erica
 11889 | Lair:1   | Reached skill level 4 in Evocations
 11889 | Lair:1   | Reached XP level 12. HP: 97/107 MP: 15/15
 12145 | Lair:1   | Reached skill level 5 in Evocations
 12393 | Lair:2   | Noticed Sonja
 12402 | Lair:2   | Cast into the Abyss (Sonja)
 12419 | Lair:2   | Escaped the Abyss
 12419 | Lair:2   | Gained mutation: Armour fits poorly on your strangely shaped body. [mutagenic glow]
 12429 | Lair:2   | Killed Sonja
 12429 | Lair:2   | Reached skill level 6 in Evocations
 12482 | Lair:2   | Lost mutation: Armour fits poorly on your strangely shaped body. [potion of cure mutation]
 12676 | Lair:2   | Noticed an eight-headed hydra
 12688 | Lair:2   | Killed a 11-headed hydra
 12688 | Lair:2   | Reached skill level 7 in Evocations
 13321 | Lair:2   | Identified a -1 rod of destruction (14/14) (You found it on level 2 of the Lair of Beasts)
 13391 | Lair:2   | Reached skill level 8 in Evocations
 13710 | Lair:3   | Received a gift from Trog
 14408 | Lair:3   | Noticed Gastronok
 14433 | Lair:3   | Killed Gastronok
 14433 | Lair:3   | Reached skill level 16 in Axes
 14971 | Lair:4   | Found a labyrinth entrance.
 14980 | Lab      | Entered a labyrinth
 15129 | Lab      | Noticed a minotaur
 15144 | Lab      | Killed a minotaur
 15144 | Lab      | Reached skill level 17 in Axes
 15146 | Lab      | Got a translucent plate armour
 15157 | Lab      | Identified the cursed +0 plate armour of Supple Strength {*Confuse rPois MP+9 Dex+6} (You took it off a minotaur in a labyrinth)
 15309 | Lab      | Got an ichor-stained flail
 15466 | Lair:4   | Reached XP level 13. HP: 114/114 MP: 19/19
 16061 | Lair:4   | Reached skill level 18 in Axes
 16264 | Lair:5   | Found a blossoming altar of Fedhas.
 16320 | Lair:5   | Found a staircase to the Shoals.
 16520 | Lair:5   | Got a pair of translucent boots
 16531 | Lair:5   | Identified the +2 pair of boots of the Ladybird {rPois} (You found it on level 5 of the Lair of Beasts)
 16733 | Lair:6   | Found a snail-covered altar of Cheibriados.
 16740 | Lair:6   | Found a staircase to the Snake Pit.
 17228 | Lair:6   | Reached skill level 19 in Axes
 17970 | Lair:7   | Received a gift from Trog
 18399 | Lair:8   | Entered Level 8 of the Lair of Beasts
 18415 | Lair:7   | Reached skill level 20 in Axes
 19184 | Lair:8   | Reached XP level 14. HP: 115/122 MP: 20/20
 19224 | Lair:8   | Reached skill level 21 in Axes
 20345 | Lair:8   | Received a gift from Trog
 20348 | Lair:8   | Got a brightly glowing hand axe {god gift}
 20365 | Lair:8   | Identified a +4 iron rod (12/12) (You found it on level 8 of the Lair of Beasts)
 20371 | Lair:8   | Got a pitted great mace
 20377 | Lair:8   | Got a jewelled buckler
 20615 | Lair:2   | Identified the +6 great mace "Royl" {freeze, rPois} (You found it on level 8 of the Lair of Beasts)
 20624 | Lair:2   | Identified the cursed +0 buckler of Qecoose {rElec rF++ rCorr Str-5} (You found it on level 8 of the Lair of Beasts)
 20701 | D:11     | Found Gafewio's Antique Weapon Shoppe.
 20804 | D:11     | Found a portal to a secret trove of treasure.
 20809 | D:11     | Noticed Nattefrost's ghost (experienced DrBe)
 20821 | D:11     | Killed Nattefrost's ghost
 20821 | D:11     | Reached skill level 22 in Axes
 20822 | D:11     | HP: 45/183 [skeletal warrior/scimitar (7)]
 20831 | D:11     | HP: 15/122 [centaur warrior/arrow (7)]
 21219 | D:11     | Found Hiujykoruh's Armour Emporium.
 21277 | D:11     | Found Etof's Antique Weapon Shoppe.
 21895 | D:12     | Noticed Psyche
 21898 | D:12     | Found a staircase to the Orcish Mines.
 21905 | D:12     | Killed Psyche
 21917 | D:12     | Noticed Maud
 21933 | D:12     | Killed Maud
 22100 | D:12     | Got a slimy shortbow
 22313 | Orc:1    | Entered Level 1 of the Orcish Mines
 22328 | Orc:1    | Received a gift from Trog
 22345 | Orc:1    | Got a shimmering battleaxe {god gift}
 22347 | Orc:1    | Identified the +9 battleaxe of Rumapsyorgh {chop, Int+10} (Trog gifted it to you on level 1 of the Orcish Mines)
 22688 | Orc:2    | Noticed an orc warlord
 22699 | Orc:2    | Killed an orc warlord
 22703 | Orc:2    | Reached skill level 11 in Fighting
 23280 | Orc:1    | Found Bfovvam's Bounteous Boutique.
 23354 | Orc:1    | Received a gift from Trog
 23555 | Orc:3    | Found a staircase to the Elven Halls.
 23839 | Orc:3    | Reached skill level 10 in Armour
 23899 | Orc:3    | Found a roughly hewn altar of Beogh.
 23936 | Orc:4    | Entered Level 4 of the Orcish Mines
 23948 | Orc:4    | Noticed an orc warlord
 23961 | Orc:4    | Killed an orc warlord
 24148 | Orc:4    | Received a gift from Trog
 24218 | Orc:4    | Reached XP level 15. HP: 95/132 MP: 21/21
 24249 | Orc:4    | Noticed an orc warlord
 24260 | Orc:4    | Killed an orc warlord
 24275 | Orc:4    | Received a gift from Trog
 24321 | Orc:4    | Found Buckeben's Antique Weapon Shoppe.
 24333 | Orc:4    | Reached skill level 12 in Fighting
 24338 | Orc:4    | Found Tiesujyd's Antique Armour Emporium.
 24339 | Orc:4    | Found a roughly hewn altar of Beogh.
 24354 | Orc:4    | Bought an opal-encrusted ring mail for 252 gold pieces
 24355 | Orc:4    | Identified the +3 ring mail "Muiget" {Int+2} (You bought it in a shop on level 4 of the Orcish Mines)
 24520 | Orc:4    | Found a roughly hewn altar of Beogh.
 24668 | Orc:4    | Found a roughly hewn altar of Beogh.
 24690 | Orc:4    | Found a roughly hewn altar of Beogh.
 24747 | Orc:4    | Found a roughly hewn altar of Beogh.
 24762 | Orc:4    | Found Edewef's Weapon Shoppe.
 24819 | Orc:4    | Found a roughly hewn altar of Beogh.
 24837 | Orc:4    | Found Jymuf's Antique Weapon Shop.
 24892 | Elf:1    | Entered Level 1 of the Elven Halls
 24911 | Elf:1    | Received a gift from Trog
 24912 | Elf:1    | Reached skill level 11 in Armour
 24935 | Elf:1    | Found Wasab's General Store.
 25061 | Elf:1    | Found Extaiv's Weapon Shoppe.
 25098 | Elf:1    | Found Afutz's Assorted Antiques.
 25111 | Elf:1    | Reached skill level 13 in Fighting
 25164 | Elf:1    | Bought a scroll labeled XOIPHA ZUOWK for 29 gold pieces
 25164 | Elf:1    | Bought a steaming helmet for 275 gold pieces
 25164 | Elf:1    | Bought a scroll of identify for 58 gold pieces
 25164 | Elf:1    | Bought a potion of curing for 87 gold pieces
 25529 | Elf:1    | Identified the cursed +0 helmet of Fortification {Stlth+} (You bought it in a shop on level 1 of the Elven Halls)
 25901 | Elf:1    | Found a deep blue altar of Sif Muna.
 25965 | Elf:1    | Noticed Aizul
 25973 | Elf:1    | Killed Aizul
 25973 | Elf:1    | Reached skill level 14 in Fighting
 25980 | Elf:1    | Received a gift from Trog
 25986 | Elf:1    | Noticed a deep elf sorcerer
 25990 | Elf:1    | Killed a deep elf sorcerer
 26604 | Elf:1    | Reached skill level 15 in Fighting
 26905 | Elf:2    | Found a magical portal.
 26914 | WizLab   | Entered Iskenderun's Mystic Tower
 27187 | WizLab   | Reached skill level 16 in Fighting
 27807 | WizLab   | Reached XP level 16. HP: 130/151 MP: 22/22
 27826 | WizLab   | Received a gift from Trog
 28208 | Elf:2    | Reached skill level 17 in Fighting
 28266 | Elf:2    | Found a huge runed gate.
 28266 | Elf:2    | Found a huge runed gate.
 28267 | Elf:2    | Found a huge runed gate.
 28268 | Elf:2    | Found a huge runed gate.
 28272 | Elf:2    | Found a huge runed gate.
 28613 | Elf:2    | Noticed a deep elf sorcerer
 28620 | Elf:2    | Killed a deep elf sorcerer
 28652 | Elf:3    | Entered Level 3 of the Elven Halls
 28731 | Elf:3    | Reached skill level 18 in Fighting
 28967 | Elf:3    | Noticed Asterion
 28974 | Elf:3    | Killed Asterion
 29023 | Elf:3    | Noticed Louise
 29043 | Elf:3    | Killed Louise
 29256 | Elf:3    | Noticed Roxanne
 29593 | Elf:3    | Received a gift from Trog
 29600 | Elf:3    | Reached skill level 8 in Dodging
 29609 | Elf:3    | HP: 36/157 [deep elf annihilator/poison arrow (14)]
 29609 | Elf:3    | Killed from afar by a deep elf annihilator

Vault maps used:
D:1:      minmay_arrival_checkered_box
D:2:      uniq_terence, uniq_sigmund, uniq_natasha
D:3:      grunt_ministairs_10, hangedman_glass_teeth
D:4:      nemelex_xobeh_ov_fountains_minmay, minmay_temple_entry_junction,
          uniq_grinder, uniq_edmund
D:5:      cheibrodos_ashenzari_chains, first_bread, sword_in_stone
D:7:      lemuel_round_altar, grunt_ogre_cave
D:8:      grunt_temple_overflow_growth_and_decay, tso_metal_star
D:9:      makhleb_grotto_becter, enter_bailey_2, uniq_grum
D:10:     lemuel_reptile_caves, lair_0_dummy
D:11:     serial_shops, kennysheep_mini_moat, nicolae_shop_trees, shop,
          nicolae_trove_entry_crossroad
D:12:     david_orc_2, uniq_maud, uniq_psyche
Lair:1:   uniq_erica
Lair:2:   grunt_forest_small_clearing_treed, lemuel_fruit_tree, uniq_sonja
Lair:3:   uniq_gastronok
Lair:4:   lab_entry_generic, serial_bayou_shore_a
Lair:5:   minmay_shoals_entry_hut, basic_altar
Lair:6:   minmay_snake_entry_guardpost_small, grunt_forest_stairs_basic,
          lemuel_oklob_altar
Lair:7:   st_stairs_10
Lair:8:   minmay_lair_end_frog_pond, minmay_slime_entry_oklob_enclosed
Orc:1:    nicolae_alphabet_shops
Orc:2:    mines3_lemuel
Orc:3:    nicolae_orc_pool_cavern, minmay_orc_temple_a
Orc:4:    grunt_orc_community_town_hall, grunt_orc_community_big_house_2,
          grunt_orc_community_big_house_2, grunt_orc_community_house_2,
          grunt_orc_community_house_3, grunt_orc_community_house_1,
          grunt_orc_community_house_2, grunt_orc_community_house_2,
          grunt_orc_community_house_1
Elf:1:    minmay_elf_arrival_plus, special_room, serial_shops, shop,
          shop_fountains, nicolae_shop_trees, hangedman_elf_disciples,
          hangedman_elf_power_crystal, lemuel_blue_sif_altar, uniq_aizul
Elf:2:    mu_enter_wizlab_6, nicolae_elf_v_pinch, kilobyte_mutagenic_chamber
Elf:3:    minmay_elf_hall_dome, uniq_louise, uniq_roxanne, uniq_asterion
Abyss:1:  evilmike_abyss_exit_mutagenic
Lab:      labyrinth_spiral, labyrinth_glass_1, nicolae_lab_statue
Bailey:   bailey_polearm_4, bailey
WizLab:   wizlab_iskenderun

Action                   |  1- 3 |  4- 6 |  7- 9 | 10-12 | 13-15 | 16-18 || total
-------------------------+-------+-------+-------+-------+-------+-------++-------
Melee: Hand axe          |    43 |   154 |   176 |       |       |       ||   373
       War axe           |       |       |   278 |    88 |       |       ||   366
       Battleaxe         |       |       |       |   501 |   671 |   189 ||  1361
       Executioner's axe |       |       |       |   130 |   622 |       ||   752
Invok: Berserk           |     1 |     1 |     5 |     3 |    15 |     4 ||    29
       Trog's Hand       |       |       |     2 |     7 |    11 |     7 ||    27
       Burn Spellbooks   |       |       |     1 |     4 |     1 |     3 ||     9
       Brothers in Arms  |       |       |       |       |    12 |     4 ||    16
Evoke: Wand              |       |       |       |    10 |    18 |     1 ||    29
       Rod               |       |       |       |     2 |     3 |       ||     5
       Phantom mirror    |       |       |       |       |       |     1 ||     1
  Use: Scroll            |       |     4 |    15 |    20 |    12 |     3 ||    54
       Potion            |       |       |       |     7 |     3 |       ||    10
 Stab: Invisible         |       |       |       |     7 |       |       ||     7
       Paralysed         |       |       |       |    12 |     7 |       ||    19
       Sleeping          |       |       |       |     2 |       |       ||     2
       Distracted        |       |       |       |       |       |     2 ||     2
  Eat: Chunk             |       |     5 |    18 |    20 |    35 |     5 ||    83
       Bread ration      |       |     1 |       |     3 |     4 |       ||     8
       Pizza             |       |     1 |       |       |       |       ||     1
       Beef jerky        |       |       |       |     4 |     4 |     2 ||    10
       Fruit             |       |       |       |       |     3 |       ||     3

Vault maps used:
D:1:      minmay_arrival_checkered_box
D:2:      uniq_terence, uniq_sigmund, uniq_natasha
D:3:      grunt_ministairs_10, hangedman_glass_teeth
D:4:      nemelex_xobeh_ov_fountains_minmay, minmay_temple_entry_junction,
          uniq_grinder, uniq_edmund
D:5:      cheibrodos_ashenzari_chains, first_bread, sword_in_stone
D:7:      lemuel_round_altar, grunt_ogre_cave
D:8:      grunt_temple_overflow_growth_and_decay, tso_metal_star
D:9:      makhleb_grotto_becter, enter_bailey_2, uniq_grum
D:10:     lemuel_reptile_caves, lair_0_dummy
D:11:     serial_shops, kennysheep_mini_moat, nicolae_shop_trees, shop,
          nicolae_trove_entry_crossroad
D:12:     david_orc_2, uniq_maud, uniq_psyche
Lair:1:   uniq_erica
Lair:2:   grunt_forest_small_clearing_treed, lemuel_fruit_tree, uniq_sonja
Lair:3:   uniq_gastronok
Lair:4:   lab_entry_generic, serial_bayou_shore_a
Lair:5:   minmay_shoals_entry_hut, basic_altar
Lair:6:   minmay_snake_entry_guardpost_small, grunt_forest_stairs_basic,
          lemuel_oklob_altar
Lair:7:   st_stairs_10
Lair:8:   minmay_lair_end_frog_pond, minmay_slime_entry_oklob_enclosed
Orc:1:    nicolae_alphabet_shops
Orc:2:    mines3_lemuel
Orc:3:    nicolae_orc_pool_cavern, minmay_orc_temple_a
Orc:4:    grunt_orc_community_town_hall, grunt_orc_community_big_house_2,
          grunt_orc_community_big_house_2, grunt_orc_community_house_2,
          grunt_orc_community_house_3, grunt_orc_community_house_1,
          grunt_orc_community_house_2, grunt_orc_community_house_2,
          grunt_orc_community_house_1
Elf:1:    minmay_elf_arrival_plus, special_room, serial_shops, shop,
          shop_fountains, nicolae_shop_trees, hangedman_elf_disciples,
          hangedman_elf_power_crystal, lemuel_blue_sif_altar, uniq_aizul
Elf:2:    mu_enter_wizlab_6, nicolae_elf_v_pinch, kilobyte_mutagenic_chamber
Elf:3:    minmay_elf_hall_dome, uniq_louise, uniq_roxanne, uniq_asterion
Abyss:1:  evilmike_abyss_exit_mutagenic
Lab:      labyrinth_spiral, labyrinth_glass_1, nicolae_lab_statue
Bailey:   bailey_polearm_4, bailey
WizLab:   wizlab_iskenderun

Table legend:
 A = Turns spent in this place as a percentage of turns spent in the entire game.
 B = Non-inter-level travel turns spent in this place as a percentage of non-inter-level travel turns spent in the entire game.
 C = Inter-level travel turns spent in this place as a percentage of turns spent in this place.
 D = Turns resting spent in this place as a percentage of non-inter-level travel turns spent in this place.
 E = Turns spent auto-exploring this place as a percentage of non-inter-level travel turns spent in this place.
 F = Non-inter-level travel turns spent in this place divided by the number of levels of this place that you've seen.
                   A       B       C       D       E      F
               +-------+-------+-------+-------+-------+----------------------
         Total | 100.0 | 100.0 |   0.5 |   3.5 |   8.3 | 288.8
       Dungeon |  40.7 |  40.7 |   0.6 |   3.3 |   9.9 | 303.8
          Lair |  24.4 |  24.3 |   0.6 |   3.8 |   7.9 | 272.2
  Orcish Mines |  12.7 |  12.7 |   0.8 |   1.8 |  10.8 | 283.8
   Elven Halls |  13.9 |  13.9 |   0.4 |   4.4 |   7.1 | 415.3
         Abyss |   0.3 |   0.3 |   0.0 |   0.0 |   0.0 |  25.0
     Labyrinth |   2.4 |   2.4 |   0.0 |   0.9 |   0.0 | 215.0
        Bailey |   1.5 |   1.5 |   0.0 |   3.8 |   0.0 | 133.0
        Wizlab |   4.2 |   4.2 |   0.0 |   6.7 |   0.0 | 375.0
               +-------+-------+-------+-------+-------+----------------------

Table legend:
 A = Kills in this place as a percentage of kills in entire the game.
 B = Kills by you in this place as a percentage of kills by you in the entire game.
 C = Kills by friends in this place as a percentage of kills by friends in the entire game.
 D = Other kills in this place as a percentage of other kills in the entire game.
 E = Experience gained in this place as a percentage of experience gained in the entire game.
 F = Experience gained in this place divided by the number of levels of this place that you have seen.
                   A       B       C       D       E      F
               +-------+-------+-------+-------+-------+----------------------
         Total | 100.0 | 100.0 | 100.0 | 100.0 | 100.0 | 5401.3
       Dungeon |  36.6 |  37.4 |  10.0 |   0.0 |  17.6 | 2459.4
          Lair |  20.4 |  20.7 |  13.3 |   0.0 |  27.0 | 5642.4
  Orcish Mines |  29.1 |  29.1 |  30.0 |   0.0 |   9.7 | 4040.5
   Elven Halls |  10.9 |  10.3 |  26.7 |  50.0 |  36.0 | 20090.3
     Labyrinth |   0.1 |   0.1 |   0.0 |   0.0 |   0.6 | 1038.0
        Bailey |   0.5 |   0.5 |   0.0 |   0.0 |   0.3 | 524.0
        Wizlab |   2.5 |   1.9 |  20.0 |  50.0 |   8.8 | 14793.0
               +-------+-------+-------+-------+-------+----------------------
